Map: Ascension to Aiur LE

Players

Shyrshadi - Winner!

  • Race: Protoss Protoss
  • League: Diamond
  • Spawn Location: 5:00

A.I. 1 (Elite)

  • Race: Zerg Zerg
  • Spawn Location: 11:00

VOD

https://www.youtube.com/watch?v=HjErOYxEKCE&t=322s

Description

Time

  • Played on: July 26, 2017, 5:50 p.m.
  • Length: 10:57
Show
View Real Time Build Order
Export as new Build Order

Shyrshadi Protoss - Winner!

Build Orders: 1 Gate Expand, Zealot Archon 

Get SALT Encoding   

  12  0:01  Probe (Chrono Boost)  
  13  0:11  Probe (Chrono Boost)  
  14  0:17  Pylon  
  14  0:22  Probe (Chrono Boost)  
  15  0:36  Probe (Chrono Boost)  
  15  0:39  Gateway  
  16  0:44  Assimilator  
  16  0:47  Probe (Chrono Boost)  
  17  0:58  Probe (Chrono Boost)  
  18  1:08  Probe (Chrono Boost)  
  19  1:22  Nexus  
  20  1:25  Probe (Chrono Boost)  
  20  1:35  Cybernetics Core  
  20  1:38  Probe (Chrono Boost)  
  21  1:46  Assimilator  
  21  1:49  Probe (Chrono Boost)  
  22  1:54  Pylon  
  22  2:00  Probe (Chrono Boost)  
  23  2:12  Probe (Chrono Boost)  
  23  2:13  Adept, Warp Gate  
  26  2:23  Probe (Chrono Boost)  
  26  2:29  Robotics Facility  
  27  2:33  Probe (Chrono Boost)  
  27  2:34  Probe (Chrono Boost)  
  30  2:44  Probe (Chrono Boost)  
  30  2:45  Mothership Core (Chrono Boost)  
  32  2:54  Probe (Chrono Boost)  
  33  3:02  Twilight Council  
  33  3:04  Probe (Chrono Boost)  
  33  3:05  Probe (Chrono Boost)  
  35  3:14  Probe (Chrono Boost)  
  35  3:16  Observer, Probe (Chrono Boost)  
  38  3:25  Probe (Chrono Boost)  
  38  3:26  Gateway, Probe (Chrono Boost)  
  40  3:30  Gateway  
  40  3:35  Probe (Chrono Boost)  
  40  3:37  Probe (Chrono Boost)  
  40  3:40  Resonating Glaives  
  42  3:42  Pylon  
  42  3:46  Probe (Chrono Boost)  
  42  3:47  Pylon  
  43  3:51  Probe (Chrono Boost)  
  44  3:56  Probe (Chrono Boost)  
  44  4:01  Probe (Chrono Boost)  
  46  4:04  Assimilator  
  46  4:05  Immortal  
  46  4:08  Assimilator  
  50  4:11  Probe (Chrono Boost)  
  50  4:12  Probe (Chrono Boost)  
  52  4:19  Pylon  
  52  4:22  Adept x2, Probe x2 (Chrono Boost)  
  58  4:31  Adept  
  60  4:32  Probe (Chrono Boost)  
  60  4:35  Probe (Chrono Boost)  
  62  4:43  Probe (Chrono Boost)  
  64  4:45  Probe (Chrono Boost)  
  64  4:46  Immortal  
  68  4:54  Nexus  
  68  4:57  Pylon  
  68  5:01  Pylon  
  68  5:03  Probe x2 (Chrono Boost)  
  70  5:09  Pylon  
  70  5:15  Probe x2 (Chrono Boost)  
  70  5:17  Forge  
  72  5:26  Probe (Chrono Boost)  
  72  5:27  Immortal, Probe (Chrono Boost)  
  78  5:29  Pylon  
  78  5:36  Gateway  
  78  5:37  Templar Archives  
  78  5:38  Probe (Chrono Boost)  
  78  5:39  Probe (Chrono Boost)  
  80  5:50  Protoss Ground Weapons Level 1 (Chrono Boost)  
  80  5:51  Probe x2 (Chrono Boost)  
  82  5:58  Gateway  
  82  5:59  Gateway  
  83  6:04  Probe x2 (Chrono Boost)  
  83  6:08  Immortal  
  88  6:14  Probe (Chrono Boost)  
  88  6:15  Probe x2 (Chrono Boost)  
  91  6:18  High Templar  
  91  6:19  High Templar  
  91  6:22  Assimilator  
  91  6:23  Archon  
  91  6:24  Probe (Chrono Boost)  
  96  6:26  Assimilator  
  96  6:43  Gateway  
  96  6:44  Gateway  
  98  6:47  Gateway, Probe x3 (Chrono Boost)  
  98  6:49  Pylon, Gateway  
  98  6:53  High Templar x3  
  98  6:54  High Templar  
  107  6:56  Adept  
  107  6:57  Adept  
  107  6:59  Archon x2  
  111  7:01  Immortal (Chrono Boost)  
  115  7:09  Blink  
  115  7:18  Gateway x2  
  114  7:24  High Templar x2  
  114  7:28  Adept x3  
  114  7:29  Archon  
  124  7:38  Pylon x2  
  123  7:52  Warp Prism  
  123  7:54  Nexus  
  123  7:57  Pylon  
  125  7:59  Pylon  
  125  8:01  Protoss Ground Weapons Level 2 (Chrono Boost), Adept  
  125  8:02  Adept x6  
  125  8:03  Assimilator  
  139  8:08  Assimilator  
  139  8:11  Pylon  
  139  8:23  Photon Cannon  
  139  8:25  Photon Cannon, Adept x4  
  139  8:26  Observer  
  147  8:27  Photon Cannon  
  128  8:50  Adept x10  
  128  8:52  Immortal  
  142  9:09  High Templar  
  144  9:10  High Templar x2, Charge  
  144  9:11  High Templar  
  144  9:12  High Templar  
  144  9:14  Archon  
  144  9:15  Archon  
  152  9:22  High Templar  
  154  9:24  Adept  
  154  9:25  Adept x4  
  154  9:26  Archon  
  154  9:30  Immortal  
  168  9:52  Zealot x6  
  180  10:04  Immortal  
  164  10:26  Zealot x12  
  176  10:52  Zealot  
  176  10:53  Zealot  
Show
View Real Time Build Order
Export as new Build Order

A.I. 1 (Elite) Zerg 

Build Orders: Pool First 

Get SALT Encoding   

  12  0:00  Drone  
  13  0:12  Overlord  
  13  0:16  Drone  
  14  0:30  Drone x2  
  16  0:42  Spawning Pool  
  16  0:45  Drone  
  16  0:49  Drone  
  17  1:11  Hatchery  
  17  1:15  Drone  
  17  1:18  Extractor  
  16  1:21  Drone  
  16  1:24  Drone  
  18  1:29  Drone  
  19  1:38  Overlord  
  19  1:49  Drone  
  19  1:51  Queen  
  22  1:59  Zergling x2  
  23  2:10  Drone  
  24  2:21  Drone  
  25  2:25  Roach Warren  
  25  2:27  Queen  
  26  2:31  Drone  
  26  2:35  Extractor  
  26  2:38  Drone  
  27  2:45  Overlord  
  27  2:47  Drone  
  27  2:50  Drone  
  29  2:53  Drone  
  29  2:56  Drone  
  31  2:59  Drone  
  31  3:03  Zergling x2  
  33  3:06  Zergling x2  
  33  3:10  Roach  
  36  3:14  Roach  
  36  3:19  Roach  
  40  3:22  Roach  
  42  3:27  Drone x2  
  42  3:33  Overlord  
  44  3:40  Lair  
  44  3:44  Metabolic Boost  
  44  3:49  Overlord  
  44  3:51  Drone  
  44  3:53  Drone  
  46  3:56  Drone  
  46  3:58  Zergling x2  
  46  4:01  Zergling x2  
  49  4:03  Zergling x2  
  50  4:10  Evolution Chamber, Drone  
  50  4:14  Evolution Chamber  
  50  4:15  Drone  
  50  4:18  Drone  
  50  4:20  Drone  
  50  4:22  Drone  
  53  4:24  Drone  
  54  4:36  Zerg Missile Weapons Level 1  
  54  4:40  Zerg Ground Armor Level 1  
  54  4:42  Drone, Hydralisk Den  
  54  4:44  Overlord  
  54  4:47  Roach  
  54  4:50  Roach  
  58  5:02  Overlord, Drone, Roach  
  58  5:04  Extractor, Drone  
  58  5:06  Drone  
  62  5:08  Drone  
  62  5:10  Drone  
  62  5:11  Hydralisk  
  62  5:13  Hydralisk  
  68  5:20  Hydralisk, Overlord  
  70  5:23  Hydralisk  
  70  5:26  Drone  
  70  5:28  Drone  
  73  5:29  Drone  
  73  5:34  Drone  
  75  5:38  Drone  
  75  5:39  Overlord, Roach  
  75  5:41  Drone  
  79  5:43  Drone  
  79  5:44  Drone  
  79  5:46  Drone  
  79  5:48  Drone  
  83  5:57  Hydralisk  
  83  5:58  Overlord  
  83  6:03  Hydralisk  
  85  6:08  Lurker Den, Ravager  
  88  6:14  Extractor, Drone  
  88  6:16  Roach  
  88  6:17  Overlord  
  90  6:21  Hatchery  
  89  6:25  Ravager  
  89  6:28  Roach  
  89  6:32  Roach  
  94  6:35  Roach  
  94  6:36  Overlord, Drone  
  94  6:37  Drone  
  98  6:40  Hydralisk  
  98  6:44  Hydralisk  
  102  6:55  Overlord  
  102  7:00  Overseer  
  102  7:03  Zerg Missile Weapons Level 2  
  102  7:10  Drone, Spine Crawler  
  102  7:14  Spine Crawler  
  101  7:16  Drone  
  102  7:24  Zerg Ground Armor Level 2  
  102  7:33  Glial Reconstitution, Queen  
  102  7:34  Lurker, Drone x3  
  102  7:35  Drone x5  
  102  7:36  Overlord, Drone x2  
  115  7:41  Drone  
  115  7:43  Hydralisk  
  115  7:44  Drone x3  
  120  7:45  Drone  
  120  7:47  Drone  
  120  7:48  Drone x2  
  125  7:52  Drone  
  125  7:55  Overlord  
  126  8:00  Hydralisk  
  126  8:03  Hydralisk  
  126  8:05  Hydralisk  
  132  8:06  Hydralisk  
  132  8:07  Lurker  
  135  8:14  Extractor, Hydralisk  
  135  8:15  Overlord  
  135  8:19  Spore Crawler, Drone  
  136  8:21  Spore Crawler, Pneumatized Carapace  
  136  8:23  Drone  
  136  8:26  Spine Crawler  
  135  8:27  Drone  
  135  8:32  Extractor  
  135  8:34  Hatchery  
  134  8:35  Hydralisk  
  134  8:36  Hydralisk, Overlord  
  134  8:37  Drone  
  134  8:38  Drone  
  134  8:39  Zergling x2  
  131  8:41  Drone  
  131  8:43  Zergling x2  
  131  8:47  Zergling x2  
  131  8:48  Roach  
  103  8:49  Roach  
  103  8:52  Roach  
  103  8:54  Roach  
  90  9:07  Hydralisk  
  87  9:11  Hydralisk  
  87  9:13  Drone  
  87  9:16  Zergling x2, Hydralisk, Roach x2  
  93  9:17  Zergling x2  
  96  9:27  Drone  
  96  9:30  Roach  
  99  9:32  Roach  
  99  9:35  Hydralisk  
  99  9:37  Zergling x2, Hatchery  
  103  9:39  Zergling x2  
  103  9:44  Zergling x2  
  107  9:45  Roach  
  107  9:46  Roach  
  109  9:56  Drone  
  109  9:57  Drone  
  109  9:59  Drone  
  112  10:00  Drone x2, Roach  
  113  10:08  Drone  
  113  10:09  Roach  
  64  10:31  Hatchery  
Tags
 
Add a new tag
Caveats
  • Supply blocks, unpowered buildings, or Contaminate may cause inaccurate times.
  • Supply counts are checked every 10 seconds.